 Dungeon Sprint DCSS version 0.20.1-1-g8b1a95d (webtiles) character file.

2307 wojtek the Bludgeoner (level 9, -13/121 HPs)
             Began as a Minotaur Berserker on Jan 3, 2018.
             Was a High Priest of Trog.
             Mangled by a kraken (41 damage)
             ... in the Dungeon (Sprint II: "The Violet Keep of Menkaure").
             The game lasted 00:05:14 (1127 turns).

wojtek the Bludgeoner (Minotaur Berserker)          Turns: 1127, Time: 00:05:14

Health: -13/121    AC:  9    Str: 30    XL:     9   Next: 18%
Magic:  8/8        EV: 17    Int:  4    God:    Trog [*****.]
Gold:   115        SH:  0    Dex: 10    Spells: 8/8 levels left

rFire    . . .     SeeInvis .   a - +0 mace
rCold    . . .     Gourm    .   (no shield)
rNeg     . . .     Faith    .   b - +0 animal skin
rPois    +         Spirit   .   (helmet restricted)
rElec    +         Reflect  .   (no cloak)
rCorr    .         Harm     .   m - +2 pair of gloves
MR       .....     NoTele   +   n - +1 pair of boots {run}
Stlth    ..........             (no amulet)
Regen    0.3/turn               l - ring of Esitzyru {rElec rPois}
MPRegen  0.2/turn               (no ring)

@: berserking (expiring), very quick
A: retaliatory headbutt, horns 2, frail 1
a: Berserk, Trog's Hand, Brothers in Arms, Burn Spellbooks, Renounce Religion


You were in the Dungeon.
You worshipped Trog.
Trog was extremely pleased with you.
You were very hungry.

You visited 1 branch You collected 1053 gold pieces.
You spent 938 gold pieces at shops.

Inventory:

Hand Weapons
 a - a +0 mace (weapon)
Missiles
 j - 7 poisoned javelins
 k - 4 silver javelins (quivered)
Armour
 b - a +0 animal skin (worn)
 m - a +2 pair of gloves (worn)
 n - a +1 pair of boots of running (worn)
Jewellery
 l - the ring of Esitzyru (left hand) {rElec rPois}
   (You bought it in a shop in the Dungeon)

   [ring of poison resistance]

   It insulates you from electricity.
   It protects you from poison.
Scrolls
 i - a scroll of blinking
Potions
 d - a potion of curing
 e - a potion of heal wounds
 f - a potion of haste
 g - 2 potions of magic
 h - a potion of berserk rage
Comestibles
 c - 2 bread rations
 o - 4 chunks of flesh


   Skills:
 + Level 11.7 Fighting
 * Level 15.4 Maces & Flails
 + Level 11.3 Armour
 + Level 10.5 Dodging


You had 8 spell levels left.
You didn't know any spells.

Dungeon Overview and Level Annotations

Branches:
Dungeon (1/1)

Altars:
Cheibriados
Dithmenos
Elyvilon
Fedhas
Hepliaklqana
Kikubaaqudgha
Makhleb
Nemelex Xobeh
Qazlal
Ru
Sif Muna
Trog
Uskayaw
Vehumet
Xom
Yredelemnul
Zin
The Shining One
Beogh
Jiyva
Lugonu

Shops:
D ==:!}!(?=%=:%[[(

Annotations:
D exclusion: oklob plant


Innate Abilities, Weirdness & Mutations

You reflexively headbutt those who attack you in melee.
You have a pair of horns on your head.
You are frail. (-10% HP)


Message History

The kraken is lightly wounded.
Tentacles burst out of the water! 4 tentacles come into view.
You hit the kraken but do no damage. You headbutt the kraken.
The kraken is lightly wounded.
The kraken bites you!!
You bludgeon the kraken!! You headbutt the kraken.
The kraken is lightly wounded.
The tentacle barely misses you. The tentacle slaps you!!
You sock the kraken!
The kraken is moderately wounded.
The tentacle slaps you! The kraken bites you!
* * * LOW HITPOINT WARNING * * *
The tentacle closely misses you.
You hit the kraken.
The kraken is moderately wounded.
The tentacle slaps you.
* * * LOW HITPOINT WARNING * * *
The kraken bites you!!!
You die...

. .### |▓$!!$%%$?▓▓
...####▓($[?!%$[▓▓
#..##.#▓)($)$(!$▓▓
+..#..#▓!(?)$)![▓▓
#..#).#▓$!$$$%$?▓▓
#..##.#▓))!$?[)?▓▓
##...##▓▓▓▓▓▓▓+▓▓▓▓+▓
.≈≈≈≈≈§≈≈≈≈≈≈≈..@Xw≈▓
.≈#+########'###www≈▓
.≈#.._..._.#≈§§##≈≈≈▓
.≈#._._._..#§§§§####▓
≈≈#_._._._.#§≈§§§#
≈≈#._._._._#§≈§§≈§
≈≈#.._._._.#§≈≈≈≈§
§§#..._._._#≈§§≈≈t
.._._.# §§§


You could see a kraken and 4 tentacles.

Vanquished Creatures
  A yaktaur (D)
  3 polar bears (D)
  A hornet (D)
  2 hippogriffs (D)
  4 neqoxecs (D)
  3 crocodiles (D)
  4 worker ants (D)
  3 worms (D)
21 creatures vanquished.

Vanquished Creatures (others)
  Menkaure (D)
  A crocodile (D)
  4 tentacles (D)
6 creatures vanquished.

Grand Total: 27 creatures vanquished

Notes
Turn   | Place    | Note
-------+----------+-------------------------------------------
     0 | D        | wojtek the Minotaur Berserker began the quest for the Orb.
     0 | D        | Reached XP level 1. HP: 19/19 MP: 0/0
     1 | D        | Noticed a hippogriff
     1 | D        | Noticed a hippogriff
     4 | D        | Killed a hippogriff
     4 | D        | Reached skill level 9 in Maces & Flails
     4 | D        | Reached skill level 5 in Dodging
     4 | D        | Reached XP level 2. HP: 34/34 MP: 1/1
     4 | D        | Reached XP level 3. HP: 39/39 MP: 2/2
     4 | D        | Reached XP level 4. HP: 47/47 MP: 3/3
     4 | D        | Reached XP level 5. HP: 52/52 MP: 4/4
     8 | D        | Killed a hippogriff
     8 | D        | Reached skill level 10 in Maces & Flails
     8 | D        | Reached XP level 6. HP: 62/62 MP: 5/5
    41 | D        | Killed Menkaure
    91 | D        | Reached ** piety under Trog
    91 | D        | Reached skill level 11 in Maces & Flails
   179 | D        | Reached *** piety under Trog
   231 | D        | Noticed a neqoxec
   235 | D        | Noticed a neqoxec
   237 | D        | Killed a neqoxec
   237 | D        | Received a gift from Trog
   237 | D        | Reached skill level 12 in Maces & Flails
   237 | D        | Reached XP level 7. HP: 70/70 MP: 6/6
   240 | D        | Killed a neqoxec
   240 | D        | Reached **** piety under Trog
   252 | D        | Noticed a neqoxec
   254 | D        | Gained mutation: You are frail. (-10% HP) [a neqoxec]
   264 | D        | Killed a neqoxec
   421 | D        | Noticed a neqoxec
   428 | D        | Killed a neqoxec
   428 | D        | Received a gift from Trog
   428 | D        | Reached skill level 10 in Fighting
   428 | D        | Reached skill level 13 in Maces & Flails
   432 | D        | Found Wowimoull's Book Shop.
   432 | D        | Found Gekli's Antique Armour Shop.
   432 | D        | Found Ulism's Food Boutique.
   432 | D        | Found Xischic's Weapon Shop.
   432 | D        | Found Pasid's Jewellery Boutique.
   432 | D        | Found Memutaw's Food Boutique.
   508 | D        | Found Tuacaira's Jewellery Boutique.
   508 | D        | Found Fozu's Magic Scroll Shop.
   508 | D        | Found Uthrip's Antique Armour Boutique.
   509 | D        | Found Jyruufil's Antique Weapon Shop.
   509 | D        | Found Rucheif's Distillery.
   509 | D        | Noticed a fire dragon
   510 | D        | Noticed a slime creature
   521 | D        | Reached XP level 8. HP: 20/71 MP: 7/7
   525 | D        | Found Oceviut's Gadget Boutique.
   525 | D        | Found Ribb's Distillery.
   525 | D        | Noticed an oklob plant
   526 | D        | Noticed a slime creature
   526 | D        | Found Koato's Jewellery Shop.
   526 | D        | Found Quemus's Book Shoppe.
   526 | D        | Found Nostreqo's Jewellery Boutique.
   526 | D        | Noticed a slime creature
   530 | D        | Noticed a polar bear
   552 | D        | Bought a meat ration for 70 gold pieces
   552 | D        | Bought a bread ration for 70 gold pieces
   566 | D        | Bought the ring of Esitzyru {rElec rPois} for 408 gold pieces
   569 | D        | Bought a pair of runed gloves for 225 gold pieces
   588 | D        | Noticed a polar bear
   594 | D        | Bought a pair of runed boots for 165 gold pieces
   599 | D        | Identified a +1 pair of boots of running (You bought it in a shop in the Dungeon)
   770 | D        | Found a roughly hewn altar of Beogh.
   773 | D        | Found a hazy altar of Hepliaklqana.
   773 | D        | Found a snail-covered altar of Cheibriados.
   774 | D        | Found a stormy altar of Qazlal.
   774 | D        | Found a viscous altar of Jiyva.
   774 | D        | Found a shadowy altar of Dithmenos.
   775 | D        | Found a sacrificial altar of Ru.
   775 | D        | Found an ancient bone altar of Kikubaaqudgha.
   775 | D        | Found a white marble altar of Elyvilon.
   776 | D        | Found a deep blue altar of Sif Muna.
   776 | D        | Found a corrupted altar of Lugonu.
   777 | D        | Found a shimmering altar of Xom.
   777 | D        | Found a bloodstained altar of Trog.
   777 | D        | Found a burning altar of Makhleb.
   778 | D        | Found a glowing golden altar of the Shining One.
   778 | D        | Found a basalt altar of Yredelemnul.
   778 | D        | Found a hide-covered altar of Uskayaw.
   779 | D        | Found a glowing silver altar of Zin.
   779 | D        | Found a radiant altar of Vehumet.
   779 | D        | Noticed a polar bear
   780 | D        | Noticed a polar bear
   780 | D        | Noticed a polar bear
   787 | D        | Killed a polar bear
   787 | D        | Reached skill level 10 in Armour
   792 | D        | Noticed a hornet
   793 | D        | Killed a polar bear
   793 | D        | Reached ***** piety under Trog
   793 | D        | Reached skill level 14 in Maces & Flails
   794 | D        | Noticed a yaktaur
   796 | D        | Killed a yaktaur
   798 | D        | Killed a hornet
   798 | D        | Reached skill level 10 in Dodging
   801 | D        | Killed a polar bear
   801 | D        | Reached skill level 15 in Maces & Flails
   801 | D        | Reached XP level 9. HP: 51/80 MP: 8/8
   996 | D        | Noticed a kraken
  1117 | D        | Found a sparkling altar of Nemelex Xobeh.
  1117 | D        | Found a blossoming altar of Fedhas.
  1127 | D        | Mangled by a kraken

Skill      XL: |  1  2  3  4  5  6  7  8 |
---------------+-------------------------+-----
Fighting       | 7 8 9 10 11 | 11.7
Maces & Flails | 9 10 12 13 15 | 15.4
Armour         | 6 7 8 9 11 | 11.3
Dodging        | 5 7 8 9 10 | 10.5

Action                   |  1- 3 |  4- 6 |  7- 9 || total
-------------------------+-------+-------+-------++-------
Melee: Mace              |     2 |    24 |    58 ||    84
       Headbutt          |     1 |     4 |    17 ||    22
Invok: Berserk           |     1 |     2 |     4 ||     7
  Eat: Chunk             |       |       |     1 ||     1
       Meat ration       |       |       |     1 ||     1
Armor: Animal skin       |       |       |     8 ||     8
Dodge: Dodged            |     1 |     9 |    39 ||    49
